 Dungeon Crawl Stone Soup version 0.17-a0-2098-gf59d6bc (webtiles) character file.

5603 brucemayne the Severer (level 10, -7/99 (100) HPs)
             Began as a Hill Orc Berserker on Oct 17, 2015.
             Was an Elder of Trog.
             Mangled by a wyvern skeleton (13 damage)
             ... on level 12 of the Dungeon.
             The game lasted 00:15:44 (2756 turns).

brucemayne the Severer (Hill Orc Berserker)         Turns: 2756, Time: 00:15:45

HP:   -7/99 (100)   AC:  6    Str: 24    XL:     10   Next: 73%
MP:   3/10          EV:  6    Int:  8    God:    Trog [****..]
Gold: 294           SH:  0    Dex: 11    Spells: 0 memorised, 9 levels left

rFire  . . .     SeeInvis .     B - +1 battleaxe
rCold  . . .     Clarity  .     r - +0 plate armour
rNeg   . . .     SustAt   +     (no shield)
rPois  .         Gourm    .     (no helmet)
rElec  .         Spirit   .     (no cloak)
rCorr  .         Warding  .     (no gloves)
rMut   .         Stasis   .     (no boots)
MR     .....                    (no amulet)
Stlth  ..........               p - ring of stealth
                                k - ring of sustain attributes

@: lethally poisoned (-7 -> -8), drained, not resistant to hostile enchantments,
extremely unstealthy
A: talons 2, deformed body, regeneration 1, robust 1, strong 1, subdued magic 2,
MP-powered wands
a: Burn Spellbooks, Berserk, Trog's Hand, Brothers in Arms, Renounce Religion


You were on level 12 of the Dungeon.
You worshipped Trog.
Trog was greatly pleased with you.
You were not hungry.

You visited 1 branch of the dungeon, and saw 12 of its levels.

You collected 294 gold pieces.

Inventory:

Hand Weapons
 a - a +0 hand axe
 d - a -1 battleaxe
 B - a +1 battleaxe (weapon)
Armour
 b - a +0 animal skin
 e - a +0 chain mail
 n - a +1 ring mail
 r - a +0 plate armour (worn)
Jewellery
 k - a ring of sustain attributes (left hand)
 p - a ring of stealth (right hand)
Wands
 q - a wand of fire (4)
 t - a wand of frost (10)
 z - a wand of draining (5)
Scrolls
 f - 2 scrolls of enchant armour
 g - a scroll of fear
 j - 4 scrolls of remove curse
 l - a scroll of fog {unknown}
 m - a scroll of teleportation {unknown}
 o - a scroll of identify
 s - a scroll of amnesia {unknown}
 x - a scroll of holy word {unknown}
 y - a scroll of silence {unknown}
Potions
 u - 2 potions of might
 w - a potion of curing
 A - 2 potions of invisibility
Comestibles
 c - 3 bread rations
 h - a beef jerky
 i - 2 meat rations


   Skills:
 - Level 9.5(8.2) Fighting
 + Level 18.1(16.5) Axes
 - Level 3.2(2.2) Armour
 - Level 1.5(0.5) Dodging


You had 9 spell levels left.
You didn't know any spells.

Dungeon Overview and Level Annotations

Branches:
Dungeon (12/15)
 Temple: D:4-7         Lair: D:8-11         Orc: D:9-12

Altars:
Cheibriados
Dithmenos
Qazlal
Ru
Sif Muna
Vehumet
Zin

Annotations:
D:7 exclusion: oklob plant


Innate Abilities, Weirdness & Mutations

You have razor-sharp toenails.
Armour fits poorly on your strangely shaped body.
Your natural rate of healing is unusually fast.
You are robust (+10% HP).
Your muscles are strong. (Str +2)
Your spells are easier to cast, but less powerful.
You expend magic power (3 MP) to strengthen your wands.


Message History

You feel sick.
You feel sick.
Found a robe.
You feel sick.
You feel sick.
Your skin stops crawling.
You feel less resistant to hostile enchantments.
You see here a robe.
You feel sick.
Eat which item? (? for menu, Esc to quit)
You feel sick.
Mmmm...
Yummy eggfruit.
You hit the wyvern skeleton. You claw the wyvern skeleton.
You feel sick. The wyvern skeleton closely misses you.
The wyvern skeleton bites you!
* * * LOW HITPOINT WARNING * * *
You slash the wyvern skeleton! Your kick misses the wyvern skeleton.
The wyvern skeleton barely misses you.
You hit the wyvern skeleton. Your kick misses the wyvern skeleton.
The wyvern skeleton bites you!
You die...

####.# ##.##
##.###.)##.........
#.######^###.##
#..######..###
#.......#.#.## #..#
#..# #######....##
#Z.######..###
####.#
#............. #.#
#.############ #.#
#.# #.######.#
#...@Z...#
##########


You could see a wyvern skeleton.

Vanquished Creatures
  2 trolls
  A two-headed ogre (D:9)
  6 yaks (D:11)
  A wyvern (D:8)
  2 deep elf magi (D:9)
  A soldier ant (D:12)
  An ice beast (D:11)
  4 sky beasts
  7 necrophages
  A phantom (D:6)
  2 orc warriors
  2 ogres
  2 giant frogs
  A big kobold (D:12)
  A scorpion (D:6)
  5 killer bees (D:12)
  6 wights (D:12)
  A centaur zombie (D:9)
  4 giant frog zombies
  2 crimson imps
  2 quasits
  3 hounds
  4 orc priests
  A giant frog skeleton (D:12)
  A gnoll shaman (D:8)
  2 jellies (D:12)
  10 orc wizards
  An iguana (D:7)
  7 worker ants
  The ghost of brucemayne the Chopper, a weakling HOBe of Trog (D:3)
  6 adders
  9 gnolls
  2 adder skeletons
  A giant gecko (D:3)
  30 orcs
  A goblin (D:3)
  A hobgoblin (D:3)
  4 jackals
  4 kobolds
  3 quokkas
  A ball python (D:3)
  A giant gecko zombie (D:7)
  A rat (D:3)
148 creatures vanquished.

Notes
Turn   | Place    | Note
--------------------------------------------------------------
     0 | D:1      | brucemayne the Hill Orc Berserker began the quest for the Orb.
     0 | D:1      | Reached XP level 1. HP: 19/19 MP: 1/1
   117 | D:3      | Found a glowing silver altar of Zin.
   269 | D:3      | Reached XP level 2. HP: 24/26 MP: 2/2
   297 | D:3      | Noticed brucemayne's ghost (weakling HOBe)
   306 | D:3      | Killed brucemayne's ghost
   306 | D:3      | Reached skill level 5 in Axes
   306 | D:3      | Reached XP level 3. HP: 31/31 MP: 3/3
   393 | D:4      | Reached skill level 6 in Axes
   398 | D:4      | Reached skill level 9 in Fighting
   398 | D:4      | Reached skill level 11 in Axes
   398 | D:4      | Reached XP level 4. HP: 12/50 MP: 4/4
   423 | D:4      | Reached XP level 5. HP: 12/57 MP: 5/5
   461 | D:5      | Entered Level 5 of the Dungeon
   464 | D:5      | Found a sacrificial altar of Ru.
   669 | D:7      | Reached ** piety under Trog
   669 | D:7      | Reached XP level 6. HP: 62/64 MP: 6/6
   707 | D:6      | Noticed an orc warrior
   731 | D:7      | Noticed a sky beast
   736 | D:7      | Killed a sky beast
   742 | D:7      | Gained mutation: Your muscles are strong. (Str +2) [mutagenic meat]
   743 | D:7      | Gained mutation: Your spells are a little easier to cast, but a little less powerful. [mutagenic meat]
   744 | D:7      | Gained mutation: Armour fits poorly on your strangely shaped body. [mutagenic meat]
   745 | D:7      | Gained mutation: You are clumsy. (Dex -2) [mutagenic meat]
   746 | D:7      | Gained mutation: You have sharp toenails. [mutagenic meat]
   747 | D:7      | Gained mutation: You have razor-sharp toenails. [mutagenic meat]
   754 | D:7      | Lost mutation: You are clumsy. (Dex -2) [potion of mutation]
   754 | D:7      | Gained mutation: You are robust (+10% HP). [potion of mutation]
   754 | D:7      | Gained mutation: Your natural rate of healing is unusually fast. [potion of mutation]
   798 | D:6      | Killed an orc warrior
   798 | D:6      | Reached XP level 7. HP: 48/77 MP: 7/7
   801 | D:6      | Reached skill level 12 in Axes
   871 | D:6      | Noticed a phantom
   979 | D:6      | Killed a phantom
  1044 | D:6      | Reached XP level 8. HP: 46/85 MP: 8/8
  1070 | D:6      | Found a shadowy altar of Dithmenos.
  1098 | D:6      | Reached skill level 13 in Axes
  1189 | D:7      | Found a deep blue altar of Sif Muna.
  1231 | D:7      | Found a sacrificial altar of Ru.
  1232 | D:7      | Noticed an ogre
  1240 | D:7      | Killed an ogre
  1355 | D:8      | Reached *** piety under Trog
  1361 | D:8      | Gained mutation: Your body sometimes deteriorates upon taking damage. [mutagenic meat]
  1362 | D:8      | Gained mutation: You expend magic power (3 MP) to strengthen your wands. [mutagenic meat]
  1363 | D:8      | Gained mutation: Your spells are easier to cast, but less powerful. [mutagenic meat]
  1365 | D:8      | Lost mutation: Your body sometimes deteriorates upon taking damage. [mutagenic meat]
  1474 | D:7      | Found a radiant altar of Vehumet.
  1474 | D:7      | Noticed an oklob plant
  1514 | D:8      | Reached skill level 14 in Axes
  1622 | D:8      | Reached XP level 9. HP: 62/92 MP: 9/9
  1676 | D:8      | Found a stormy altar of Qazlal.
  1888 | D:9      | Reached skill level 15 in Axes
  2003 | D:9      | Found a snail-covered altar of Cheibriados.
  2081 | D:10     | Entered Level 10 of the Dungeon
  2163 | D:11     | Reached skill level 16 in Axes
  2170 | D:11     | Reached XP level 10. HP: 47/100 MP: 10/10
  2179 | D:11     | Reached **** piety under Trog
  2391 | D:12     | Noticed an eight-headed hydra
  2463 | D:12     | Reached skill level 17 in Axes
  2734 | D:12     | Reached skill level 18 in Axes
  2756 | D:12     | Mangled by a wyvern skeleton

Vault maps used:
D:1:      dpeg_arrival_water_fire, minmay_misc_feat_cross
D:2:      lemuel_doored_altar, nicolae_overflow_crystal_walls,
          ecumenical_altar_1, kennysheep_generic_room_14
D:3:      xom_butterflies, lemuel_round_altar, first_bread, nrook_loot_triangle
D:4:      lemuel_coloured_pillars_altar, nicolae_overflow_hidden_temple,
          minmay_temple_entry_trees, enter_ossuary_4, lightli_sewer_entry_pipes
D:5:      overflow_temple_1_default, nicolae_ru_awakened_eye
D:6:      lemuel_crystal_altar, uniq_menkaure
D:7:      kennysheep_little_box, basic_altar, lemuel_oklob_altar
D:8:      grunt_qazlal_clouds, erik_lair_dragon
D:9:      cheibriados_altar_1, grunt_gozag_breadcrumbs, patterned_corridor
D:11:     david_nohive_1, ashenzari_altar_1, uniq_maud
D:12:     orc_0_dummy, serial_undead, serial_undead_d, serial_undead_d,
          serial_undead_e, serial_undead_d

Action                   |  1- 3 |  4- 6 |  7- 9 | 10-12 || total
-------------------------+-------+-------+-------+-------++-------
Melee: Hand axe          |    28 |    40 |   200 |       ||   268
       Battleaxe         |       |       |   118 |   138 ||   256
Invok: Berserk           |     2 |     3 |     6 |     2 ||    13
       Trog's Hand       |       |     1 |     7 |     3 ||    11
Evoke: Wand              |       |     3 |       |     3 ||     6
  Use: Potion            |     1 |     7 |     3 |       ||    11
       Scroll            |       |     5 |     1 |       ||     6
  Eat: Chunk             |       |     9 |    16 |     3 ||    28
       Fruit             |       |     1 |     2 |     3 ||     6
